 Dungeon Crawl Stone Soup version 0.26-a0-639-g72c4674 (webtiles) character file.

Game seed: 876404417832341252

144 popedarpa the Magician (level 5, -1/28 HPs)
             Began as a Deep Elf Fire Elementalist on Sept 16, 2020.
             Killed from afar by an orc wizard (4 damage)
             ... with a magic dart
             ... on level 3 of the Dungeon.
             The game lasted 00:05:02 (3198 turns).

popedarpa the Magician (Deep Elf Fire Elementalist) Turns: 3198, Time: 00:05:04

Health: -1/28      AC:  3    Str:  5    XL:     5   Next: 5%
Magic:  0/13       EV: 14    Int: 21    God:
Gold:   138        SH:  0    Dex: 15    Spells: 7/13 levels left

rFire    + . .     SeeInvis +   c - +0 short sword
rCold    + . .     Faith    .   (no shield)
rNeg     . . .     Spirit   .   p - +1 robe {rC+ rF+}
rPois    +         Reflect  .   (no helmet)
rElec    .         Harm     .   (no cloak)
rCorr    .         Rampage  .   (no gloves)
MR       .....                  (no boots)
Stlth    ++........             (no amulet)
HPRegen  0.09/turn              o - ring of poison resistance
MPRegen  0.13/turn              g - ring of see invisible

@: no status effects
A: no striking features
a: no special abilities


You were on level 3 of the Dungeon.
You visited 1 branch of the dungeon, and saw 3 of its levels.

You collected 138 gold pieces.

Inventory:

Hand Weapons
 c - a +0 short sword (weapon)
 j - a +0 club
Armour
 a - a +0 robe
 p - a +1 robe of resistance (worn)
Jewellery
 g - a ring of see invisible (right hand)
 o - a ring of poison resistance (left hand)
 q - an uncursed ring of teleportation
Wands
 m - a wand of flame (10)
Scrolls
 d - a scroll of amnesia {unknown}
 e - a scroll of immolation {unknown}
 f - a scroll of noise {unknown}
 h - 2 scrolls of identify
 i - 4 scrolls of teleportation {unknown}
 l - 2 scrolls of enchant weapon
 n - a scroll of fog {unknown}
 s - a scroll of blinking {unknown}
Potions
 b - a potion of brilliance {unknown}
 k - a potion of cancellation {unknown}
 r - a potion of lignification {unknown}
 t - a potion of curing {unknown}


   Skills:
 + Level 3.5 Dodging
 - Level 3.4 Stealth
 * Level 4.5 Spellcasting
 + Level 2.4 Conjurations
 + Level 4.0 Fire Magic


You had 7 spell levels left.
You knew the following spells:

 Your Spells              Type           Power        Failure   Level
a - Foxfire               Conj/Fire      ###.         3%          1
b - Fireball              Conj/Fire      ###.......   63%         5

Your spell library contained the following spells:

 Spells                   Type           Power        Failure   Level
 Conjure Flame            Conj/Fire      ###.....     9%          3
 Inner Flame              Hex/Fire       ##......     16%         3
 Sticky Flame             Conj/Fire      ###.....     30%         4


Dungeon Overview and Level Annotations

Branches:
Dungeon (3/15)

Altars:


Message History

The foxfire hits the orc wizard.
The orc wizard is moderately wounded.
You hit the orc wizard.
The orc wizard is heavily wounded.
The orc wizard barely misses you. The orc wizard casts a spell at you.
The magic dart hits you!
* * * LOW HITPOINT WARNING * * *
You closely miss the orc wizard.
The orc wizard is heavily wounded.
The orc wizard hits you with a +0 dagger.
* * * LOW HITPOINT WARNING * * *
Casting: Foxfire (safe; 3% risk of failure)
Confirm with . or Enter, or press ? or * to list all spells.
You conjure some foxfire!
The orc wizard mumbles some strange words.
The orc wizard blinks!
The orc wizard points at you and mumbles some strange words.
The magic dart hits you.
You die...

.##.# #..# #.#
.##.# #..# #.#
.##.# #..# #.#
.##.# #..###### #.#
.##.####........
...
..............##
#.# ....####.####.#
#.# ##..#
#.####.####.######.
#..#
#....†..v@§)o.)....
#..#
######.############
...# ### ###.# ..#


You could see an orc wizard (fast).

Vanquished Creatures
  Jessica (D:2)
  Terence (D:2)
  4 adders (D:2)
  A worm (D:2)
  2 dart slugs
  2 leopard geckos
  3 orcs (D:3)
  2 ball pythons
  A bat (D:3)
  A giant cockroach (D:1)
  4 goblins
  6 hobgoblins
  2 jackals (D:3)
  A quokka (D:2)
  2 frilled lizards (D:2)
  7 kobolds
  8 rats
48 creatures vanquished.

Vanquished Creatures (collateral kills)
  14 foxfires (D:2)
14 creatures vanquished.

Vanquished Creatures (others)
  170 foxfires
  15 plants (D:2)
185 creatures vanquished.

Grand Total: 247 creatures vanquished

Notes
Turn   | Place    | Note
-------+----------+-------------------------------------------
     0 | D:1      | popedarpa the Deep Elf Fire Elementalist began the quest
                  | for the Orb.
     0 | D:1      | Reached XP level 1. HP: 10/10 MP: 6/6
   443 | D:1      | Reached XP level 2. HP: 15/15 MP: 2/8
  1297 | D:2      | Reached XP level 3. HP: 19/19 MP: 2/9
  1813 | D:2      | Noticed Terence
  1888 | D:2      | Killed Terence
  1888 | D:2      | Reached XP level 4. HP: 12/24 MP: 1/12
  2408 | D:2      | Noticed Jessica
  2413 | D:2      | Killed Jessica
  3026 | D:3      | Reached XP level 5. HP: 22/28 MP: 3/13
  3095 | D:3      | Learned a level 5 spell: Fireball
  3198 | D:3      | Killed from afar by an orc wizard

Illustrated notes

Levels and vault maps discovered:
D:1:      dpeg_arrival_arbitrary_c, layout_loops_cross
D:2:      minmay_recursive_quarters, layout_basic, serial_forest,
          infiniplex_forest_end_1, infiniplex_forest_clump_double,
          infiniplex_forest_clump_curved, infiniplex_forest_clump_double,
          infiniplex_forest_end_2, infiniplex_forest_zigzag_1,
          infiniplex_forest_clump_diagonal, infiniplex_forest_lined_3,
          minivault_26, minmay_3d_cube, uniq_jessica, uniq_terence
D:3:      layout_loops_ring, gammafunk_ghost_necromancy, minmay_misc_feat_rugged

Skill      XL: |  1  2  3  4 |
---------------+-------------+-----
Stealth        | 3 |  3.4
Dodging        | 3 |  3.5
Conjurations   | 2 |  2.4
Spellcasting   | 4 |  4.5
Fire Magic     | 4 |  4.0

Action                   |  1- 3 |  4- 6 || total
-------------------------+-------+-------++-------
Melee: Unarmed           |     5 |       ||     5
       Short sword       |    10 |    28 ||    38
 Cast: Foxfire           |    98 |    51 ||   149
  Use: Scroll            |       |     2 ||     2
 Stab: Sleeping          |       |     3 ||     3
Armor: Robe              |     6 |     3 ||     9
Dodge: Dodged            |    20 |    32 ||    52

Table legend: (Time is in decaauts)
 A = Elapsed time spent in this place.
 B = Non-inter-level travel time spent in this place.
 C = Inter-level travel time spent in this place.
 D = Time resting spent in this place.
 E = Time spent auto-exploring this place.
 F = Levels seen in this place.
 G = Mean time per level.
                   A        B        C        D        E       F      G
               +--------+--------+--------+--------+--------+-----+--------+
         Total |   3198 |   3160 |     38 |    420 |   2304 |   3 | 1066.0 |
       Dungeon |   3198 |   3160 |     38 |    420 |   2304 |   3 | 1066.0 |
               +--------+--------+--------+--------+--------+-----+--------+

Top non-repeatable levels by time:
     D:2: 1733 daAuts
     D:1: 1028 daAuts
     D:3: 436 daAuts
